 Dungeon Crawl Stone Soup version 0.23.2 (webtiles) character file.

Game seed: 10598361746244518736

20695 Bnni the Severer (level 12, 0/172 HPs)
             Began as a Minotaur Fighter on Mar 26, 2019.
             Was a High Priest of Okawaru.
             Slain by a 13-headed hydra (1 damage)
             ... on level 12 of the Dungeon on Apr 11, 2019.
             The game lasted 01:28:49 (12885 turns).

Bnni the Severer (Minotaur Fighter)                Turns: 12885, Time: 01:28:56

Health: 0/172      AC: 26    Str: 25    XL:     12   Next: 47%
Magic:  11/16      EV:  2    Int:  5    God:    Okawaru [*****.]
Gold:   272        SH:  3    Dex: 11    Spells: 8/11 levels left

rFire    . . .     SeeInvis +   I - +0 battleaxe (curse)
rCold    . . .     Gourm    .   (shield currently unavailable)
rNeg     + + +     Faith    .   (armour currently unavailable)
rPois    +         Spirit   .   (helmet currently unavailable)
rElec    .         Reflect  +   (cloak currently unavailable)
rCorr    .         Harm     .   (gloves currently unavailable)
MR       +....     NoTele   +   (boots currently unavailable)
Stlth    +++.......             G - +3 amulet of reflection
HPRegen  0.38/turn              h - ring of see invisible
MPRegen  0.15/turn              p - ring of protection from magic

@: tree-form, heroism, finesse, very slightly contaminated
A: (retaliatory headbutt)
a: Heroism, Finesse, Renounce Religion


You were on level 12 of the Dungeon.
You worshipped Okawaru.
Okawaru was extremely pleased with you.
You were not hungry.
You were a tree.
You visited 3 branches of the dungeon, and saw 14 of its levels.
You also visited: Gauntlet.

You collected 642 gold pieces.
You spent 370 gold pieces at shops.

Inventory:

Hand Weapons
 I - a cursed +0 battleaxe (weapon)
 N - a +3 blowgun
Missiles
 l - 29 poisoned needles
 s - 16 javelins (quivered)
 M - 7 curare-tipped needles
Armour
 m - a +0 cloak (melded)
 t - a +0 scale mail of poison resistance
 y - a +2 pair of gloves of dexterity (melded)
 L - a +2 hat (melded)
 O - the +5 scale mail of Qacib (melded) {rC++ Str-2 Stlth+}
   (You found it in a Gauntlet)

   It affects your strength (-2).
   It greatly protects you from cold.
   It makes you more stealthy.
Jewellery
 c - an uncursed ring of fire
 d - an uncursed amulet of the acrobat
 h - a ring of see invisible (left branch)
 p - a ring of protection from magic (right branch)
 v - a +2 ring of evasion
 G - a +3 amulet of reflection (around neck)
 J - an uncursed ring of fire
Wands
 a - a wand of flame (11)
 o - a wand of enslavement (11)
 q - a wand of iceblast (13)
 r - a wand of random effects (46)
 w - a wand of acid (6)
Scrolls
 b - a scroll of blinking
 g - 7 scrolls of identify
 i - 6 scrolls of remove curse
 j - 8 scrolls of enchant weapon
 n - a scroll of fog {unknown}
 u - a scroll of noise {unknown}
 z - a scroll of magic mapping
 B - 5 scrolls of teleportation
 D - a scroll of enchant armour {unknown}
 F - a scroll of immolation
 K - a scroll of fear {unknown}
Potions
 e - 2 potions of invisibility
 k - 2 potions of lignification
 x - 3 potions of agility
 A - 2 potions of resistance
 C - a potion of curing
 E - a potion of haste
Comestibles
 f - 15 rations


   Skills:
 + Level 13.4(18.4) Fighting
 * Level 17.7(22.7) Axes
 - Level 3.7(8.7) Armour
   Level 3.6(8.6) Shields
 + Level 7.7 Invocations


You had 8 spell levels left.
You knew the following spells:

 Your Spells              Type           Power        Failure   Level  Hunger
a - Apportation           Tloc           #.....       47%         1    ##.....
b - Blink                 Tloc           N/A          63%         2    ###....

Your spell library contained the following spells:

 Spells                   Type           Power        Failure   Level  Hunger
 Animate Skeleton         Necr           N/A          47%         1    ##.....
 Confusing Touch          Hex            #.....       47%         1    ##.....
 Magic Dart               Conj           #...         47%         1    ##.....
 Summon Small Mammal      Summ           #...         47%         1    ##.....
 Call Imp                 Summ           #.......     63%         2    ###....
 Slow                     Hex            #.......     63%         2    ###....
 Conjure Flame            Conj/Fire      #.......     85%         3    ####...
 Mephitic Cloud           Conj/Pois/Air  #.......     85%         3    ####...


Dungeon Overview and Level Annotations

Branches:
Dungeon (12/15)            Temple (1/1) D:7            Lair (1/6) D:9
    Orc (0/2) D:10

Altars:
Ashenzari
Cheibriados
Dithmenos
Elyvilon
Fedhas
Gozag
Hepliaklqana
Kikubaaqudgha
Makhleb
Nemelex Xobeh
Okawaru
Qazlal
Ru
Sif Muna
Trog
Uskayaw
Vehumet
Wu Jian
Xom
Yredelemnul
Zin
The Shining One

Shops:
D:6 ?   D:9 (


Innate Abilities, Weirdness & Mutations

((You reflexively headbutt those who attack you in melee.))
((You have a pair of horns on your head.))


Message History

The 12-headed hydra bites you.
* * * LOW HITPOINT WARNING * * *
The 12-headed hydra bites you but does no damage.
The 12-headed hydra bites you.
* * * LOW HITPOINT WARNING * * *
The 12-headed hydra bites you but does no damage.
You hit the 12-headed hydra but do no damage.
The 12-headed hydra is heavily wounded.
Okay, then.
You chop one of the 12-headed hydra's heads off!
The 11-headed hydra grows two more!
You slice the 13-headed hydra!!
The 13-headed hydra is heavily wounded.
You hit the 13-headed hydra but do no damage.
The 13-headed hydra is heavily wounded.
The 13-headed hydra bites you but does no damage.
The 13-headed hydra bites you!
* * * LOW HITPOINT WARNING * * *
The 13-headed hydra bites you but does no damage.
The 13-headed hydra bites you.
You die...

##### #########
....############.......#
...............).#####.#
###.###.#######.######.#
#.# #.# #.♣D.....#
#.###.##### #######..#
#.........# #..#
#####........ #..#
#.###.### #x.# #.# #
#..# #.# #D.# ..# #)(#
..# ...#


You could see a 13-headed hydra.

Vanquished Creatures
  A minotaur (Gauntlet)
  A hydra (D:11)
  3 two-headed ogres
  2 death scarabs (Gauntlet)
  An unseen horror (D:12)
  A spectral hydra (Gauntlet)
  An ugly thing (D:12)
  A cyclops (D:12)
  Joseph (D:7)
  2 spiny frogs (Lair:1)
  3 centaur skeletons
  2 trolls (D:11)
  2 large abominations (Gauntlet)
  A spectral dream sheep (Gauntlet)
  A meliai (D:8)
  A hippogriff (D:4)
  Sigmund (D:3)
  A spectral komodo dragon (Gauntlet)
  15 yaks
  2 chaos spawn (Gauntlet)
  A neqoxec (Gauntlet)
  3 hungry ghosts
  5 porcupines (D:9)
  2 sky beasts
  7 orc warriors
  An eye of draining (D:10)
  3 black bears
  3 phantoms
  2 ice beasts (D:7)
  6 ogres
  16 centaurs
  A big kobold (D:8)
  3 small abominations (Gauntlet)
  7 bullfrogs
  Blork the orc (D:5)
  5 scorpions
  5 troll zombies (D:10)
  A water moccasin skeleton (D:6)
  5 killer bees (D:8)
  14 wights
  3 electric eels (D:6)
  A howler monkey (D:9)
  A crimson imp (D:6)
  A quasit (D:8)
  A bullfrog zombie (D:11)
  3 centaur zombies
  5 hounds
  4 orc priests
  A jelly (D:9)
  2 bullfrog skeletons
  4 iguanas
  Natasha (twice) (D:4)
  10 orc wizards
  5 worker ants
  A killer bee zombie (D:6)
  3 ogre zombies (D:10)
  2 hound zombies
  2 hound skeletons
  Robin (D:3)
  A worker ant zombie (D:10)
  4 gnolls (D:7)
  13 adders
  2 shadow imps
  An ooze (D:4)
  2 adder skeletons (D:6)
  9 worms
  5 leopard geckos
  42 orcs
  4 ball pythons
  3 giant cockroaches
  13 goblins
  9 hobgoblins
  20 jackals
  4 quokkas
  8 bats
  6 frilled lizards
  A giant cockroach zombie (D:5)
  4 goblin skeletons (D:10)
  4 goblin zombies (D:10)
  A hobgoblin skeleton (D:10)
  A hobgoblin zombie (D:10)
  9 kobolds
  2 orc skeletons (D:10)
  13 orc zombies (D:10)
  A quokka skeleton (D:4)
  A quokka zombie (D:7)
  10 rats
  A fungus (D:9)
  3 plants (D:7)
383 creatures vanquished.

Vanquished Creatures (others)
  A demonic plant (Gauntlet)
  23 fungi
  20 plants
44 creatures vanquished.

Grand Total: 427 creatures vanquished

Notes
Turn   | Place    | Note
-------+----------+-------------------------------------------
     0 | D:1      | Bnni the Minotaur Fighter began the quest for the Orb.
     0 | D:1      | Reached XP level 1. HP: 19/19 MP: 0/0
    31 | D:1      | Reached skill level 3 in Axes
    34 | D:1      | Reached XP level 2. HP: 23/27 MP: 1/1
   245 | D:1      | Reached XP level 3. HP: 27/33 MP: 2/2
   688 | D:2      | Reached skill level 4 in Axes
   692 | D:2      | Found a basalt altar of Yredelemnul.
   693 | D:2      | Found a deep blue altar of Sif Muna.
   808 | D:2      | Reached XP level 4. HP: 41/41 MP: 3/3
   841 | D:2      | Found an ornate altar of the Wu Jian Council.
  1207 | D:3      | Noticed Sigmund
  1209 | D:3      | Reached skill level 5 in Axes
  1218 | D:3      | Killed Sigmund
  1218 | D:3      | Reached skill level 5 in Fighting
  1218 | D:3      | Reached skill level 6 in Axes
  1218 | D:3      | Reached XP level 5. HP: 37/48 MP: 4/4
  1263 | D:3      | Reached XP level 6. HP: 52/56 MP: 5/5
  1296 | D:3      | Found a shadowy altar of Dithmenos.
  1485 | D:3      | Found a faded altar of an unknown god.
  1487 | D:3      | Noticed Robin
  1504 | D:3      | Killed Robin
  1639 | D:3      | Found a sacrificial altar of Ru.
  1839 | D:4      | Reached skill level 7 in Axes
  1846 | D:4      | Noticed a hippogriff
  1853 | D:4      | Killed a hippogriff
  1853 | D:4      | Reached XP level 7. HP: 39/63 MP: 6/6
  1914 | D:4      | Reached skill level 8 in Axes
  2057 | D:4      | Noticed Natasha
  2066 | D:4      | Killed Natasha
  2378 | D:4      | Reached skill level 9 in Axes
  2489 | D:4      | Noticed Natasha
  2504 | D:4      | Killed Natasha
  2543 | D:5      | Entered Level 5 of the Dungeon
  2584 | D:5      | Noticed Blork the orc
  2589 | D:5      | Killed Blork the orc
  2589 | D:5      | Reached XP level 8. HP: 61/73 MP: 7/7
  2816 | D:5      | Upgraded the game from 0.23.1-37-gaa34b87b72 to 0.23.2
  2907 | D:5      | Reached skill level 10 in Axes
  3766 | D:5      | Reached skill level 11 in Axes
  4310 | D:6      | Reached XP level 9. HP: 29/82 MP: 8/8
  4724 | D:6      | Reached skill level 12 in Axes
  5841 | D:6      | HP: 3/83 [electric eel/bolt of electricity (8)]
  6231 | D:6      | Found Usiulaur's Magic Scroll Shoppe.
  6234 | D:6      | Bought a scroll of teleportation for 39 gold pieces
  6568 | D:7      | Reached skill level 13 in Axes
  6586 | D:7      | Reached skill level 10 in Fighting
  6595 | D:7      | Found a shimmering altar of Xom.
  6598 | D:7      | Noticed Joseph
  6614 | D:7      | Killed Joseph
  6877 | D:7      | Found an iron altar of Okawaru.
  6890 | D:7      | Became a worshipper of Warmaster Okawaru
  6910 | D:7      | Reached XP level 10. HP: 70/94 MP: 9/9
  6976 | D:7      | You fall through a shaft for 2 floors!
  6984 | D:9      | Reached skill level 1 in Invocations
  7188 | D:9      | Reached skill level 14 in Axes
  7400 | D:7      | Reached * piety under Okawaru
  7424 | D:7      | Found a staircase to the Ecumenical Temple.
  7450 | Temple   | Entered the Ecumenical Temple
  7610 | D:8      | Found a hazy altar of Hepliaklqana.
  7689 | D:8      | Learned a level 1 spell: Apportation
  7692 | D:8      | Learned a level 2 spell: Blink
  8336 | D:8      | Noticed a two-headed ogre
  8340 | D:8      | Killed a two-headed ogre
  8340 | D:8      | Reached ** piety under Okawaru
  8354 | D:8      | Found a stormy altar of Qazlal.
  8555 | D:8      | Noticed a two-headed ogre
  8571 | D:8      | Killed a two-headed ogre
  8571 | D:8      | Reached skill level 15 in Axes
  8745 | D:9      | Found a staircase to the Lair.
  8990 | D:9      | Noticed a two-headed ogre
  9000 | D:9      | Killed a two-headed ogre
  9000 | D:9      | Reached XP level 11. HP: 83/104 MP: 13/13
  9012 | D:9      | Found Fiwk's Weapon Shop.
  9018 | D:9      | Bought 7 curare-tipped needles for 58 gold pieces
  9018 | D:9      | Bought a +3 blowgun for 273 gold pieces
  9137 | Lair:1   | Entered Level 1 of the Lair of Beasts
  9152 | Lair:1   | Reached *** piety under Okawaru
  9414 | D:10     | Entered Level 10 of the Dungeon
  9416 | D:10     | Found a staircase to the Orcish Mines.
  9435 | D:10     | Reached skill level 5 in Invocations
  9629 | D:10     | Found the +9 sword of Zonguldrok {reap}
 10223 | D:10     | Reached **** piety under Okawaru
 10315 | D:10     | Reached skill level 16 in Axes
 10564 | D:11     | Noticed a four-headed hydra
 10572 | D:11     | Killed an eight-headed hydra
 10648 | D:11     | Found a gate leading to a gauntlet.
 10657 | Gauntlet | Entered a Gauntlet
 10657 | Gauntlet | Found a transporter.
 10872 | Gauntlet | Noticed a death ooze
 10887 | Gauntlet | Found a transporter.
 10892 | Gauntlet | Found a transporter.
 10897 | Gauntlet | Found a transporter.
 10912 | Gauntlet | Noticed a reaper
 10915 | Gauntlet | Found a transporter.
 10932 | Gauntlet | Found a transporter.
 10932 | Gauntlet | Noticed a dire elephant
 10944 | Gauntlet | Found a transporter.
 10944 | Gauntlet | Noticed a dire elephant
 10956 | Gauntlet | Found a transporter.
 10958 | Gauntlet | Noticed a catoblepas
 10964 | Gauntlet | Noticed a death scarab
 10965 | Gauntlet | Noticed a death scarab
 10968 | Gauntlet | Found a transporter.
 10974 | Gauntlet | Found a transporter.
 10974 | Gauntlet | Found a transporter.
 10989 | Gauntlet | Found a transporter.
 10990 | Gauntlet | Noticed a wretched star
 11008 | Gauntlet | Found a transporter.
 11025 | Gauntlet | Found a transporter.
 11050 | Gauntlet | Found a transporter.
 11052 | Gauntlet | Found a transporter.
 11067 | Gauntlet | Found a transporter.
 11079 | Gauntlet | Reached ***** piety under Okawaru
 11563 | Gauntlet | Reached XP level 12. HP: 56/113 MP: 12/16
 11566 | Gauntlet | Killed a death scarab
 11566 | Gauntlet | Reached skill level 17 in Axes
 11574 | Gauntlet | Killed a death scarab
 11969 | Gauntlet | Noticed a minotaur
 11982 | Gauntlet | Killed a minotaur
 12227 | Gauntlet | Got a spiked scale mail
 12228 | Gauntlet | Identified the +5 scale mail of Qacib {rC++ Str-2 Stlth+}
                  | (You found it in a Gauntlet)
 12856 | D:12     | Noticed a six-headed hydra
 12864 | D:12     | HP: 2/115 [unseen horror (8)]
 12882 | D:12     | HP: 8/172 [12-headed hydra (6)]
 12885 | D:12     | HP: 1/172 [13-headed hydra (8)]
 12885 | D:12     | Slain by a 13-headed hydra

Skill      XL: |  1  2  3  4  5  6  7  8  9 10 11 12 |
---------------+-------------------------------------+-----
Axes           | 3 4 6 7 9 11 13 15 16 17 | 17.7
Fighting       | 4 5 6 7 8 10 11 12 13 | 13.4
Invocations    | 4 6 7 |  7.7
Armour         | |  3.7
Shields        | |  3.6

Action                   |  1- 3 |  4- 6 |  7- 9 | 10-12 || total
-------------------------+-------+-------+-------+-------++-------
Melee: War axe           |    79 |    88 |   283 |       ||   450
       Headbutt          |     7 |    13 |    65 |   109 ||   194
       Battleaxe         |       |       |    43 |   463 ||   506
Invok: Heroism           |       |       |       |    11 ||    11
       Finesse           |       |       |       |     2 ||     2
Evoke: Wand              |       |       |       |     2 ||     2
  Use: Scroll            |     2 |     4 |     4 |    11 ||    21
       Potion            |       |     1 |     2 |     7 ||    10
 Stab: Paralysed         |       |     1 |       |       ||     1
       Invisible         |       |       |       |     2 ||     2
  Eat: Chunk             |       |     3 |    10 |    10 ||    23
       Ration            |       |       |     3 |     4 ||     7
Armor: Scale mail        |    41 |    29 |       |    59 ||   129
       Chain mail        |       |    17 |    44 |       ||    61
       Leather armour    |       |       |    12 |       ||    12
       Plate armour      |       |       |    60 |   177 ||   237
       Skin              |       |       |       |    23 ||    23
Dodge: Dodged            |    23 |    20 |   106 |   202 ||   351
Block: Shield            |    59 |    49 |    65 |       ||   173
       Buckler           |       |       |    25 |       ||    25
       Other             |       |       |     5 |    50 ||    55
       Reflection        |       |       |       |     1 ||     1
